 Dungeon Crawl Stone Soup version 0.29.0-13-gc9e81de378 (webtiles) character file.

Game seed: 2871905929671501523

36 lmSkywalker the Caller (level 3, 0/19 HPs)
             Began as a Tengu Summoner on Sept 8, 2022.
             Slain by a hobgoblin (4 damage)
             ... on level 2 of the Dungeon.
             The game lasted 00:08:56 (1557 turns).

lmSkywalker the Caller (Tengu Summoner)             Turns: 1557, Time: 00:08:57

Health: 0/19       AC:  2    Str:  8    XL:     3   Next: 37%
Magic:  5/8        EV: 12    Int: 17    God:
Gold:   32         SH:  0    Dex: 14    Spells: 4/7 levels left

rFire   . . .      SeeInvis .   c - +0 short sword
rCold   . . .      Faith    .   (no shield)
rNeg    . . .      Spirit   .   a - +0 robe
rPois   .          Reflect  .   (helmet restricted)
rElec   .          Harm     .   (no cloak)
rCorr   .          Rampage  .   (no gloves)
Will    .....                   (boots unavailable)
Stlth   ++........              d - amulet of regeneration
HPRegen 0.86/turn               (no ring)
MPRegen 0.11/turn               (no ring)

@: no status effects
A: beak, talons 3
a: no special abilities


You were on level 2 of the Dungeon.
You visited 1 branch of the dungeon, and saw 2 of its levels.

You collected 32 gold pieces.

Inventory:

Hand Weapons
 c - a +0 short sword (weapon)
Armour
 a - a +0 robe (worn)
Jewellery
 d - an amulet of regeneration (around neck)
Scrolls
 e - a scroll of vulnerability {unknown}
 f - a scroll of identify {unknown}
 g - 2 scrolls of teleportation {unknown}
 h - a scroll of noise {unknown}
 k - a scroll of immolation {unknown}
Potions
 b - 3 potions of magic
 i - a potion of lignification {unknown}
 j - 2 potions of might {unknown}
 l - a potion of invisibility {unknown}


   Skills:
 - Level 2.1 Dodging
 - Level 2.0 Stealth
 + Level 2.8 Spellcasting
 + Level 5.5 Summonings


You had 4 spell levels left.
You knew the following spells:

 Your Spells              Type           Power      Damage    Failure   Level
a - Summon Small Mammal   Summ           84%        N/A       1%          1
b - Call Imp              Summ           21%        N/A       2%          2

Your spell library contained the following spells:

 Spells                   Type           Power      Damage    Failure   Level
 Call Canine Familiar     Summ           21%        N/A       5%          3
 Summon Guardian Golem    Hex/Summ       11%        N/A       17%         3
 Blink                    Tloc           4%         N/A       26%         2
 Lesser Beckoning         Tloc           2%         N/A       47%         3
 Summon Lightning Spire   Summ/Air       11%        N/A       50%         4
 Manifold Assault         Tloc           2%         N/A       99%         5


Dungeon Overview and Level Annotations

Branches:
Dungeon (2/15)

Altars:


Innate Abilities, Weirdness & Mutations

You have a beak for a mouth.
You have claws for feet.


Message History

You feel sick.
Your quokka closely misses the adder.
The adder bites you.
Your rat misses the adder. You closely miss the adder. You claw the adder.
The adder is heavily wounded.
You feel sick.
Your quokka closely misses the adder.
The adder barely misses you. The hobgoblin barely misses you.
Your quokka closely misses the adder.
Your rat bites the adder.
The adder bites you. The hobgoblin misses you.
You hit the adder.
The adder is almost dead.
You feel sick.
Your quokka barely misses the adder.
The adder barely misses you.
Your rat bites the adder but does no damage.
The hobgoblin hits you.
You hit the adder.
You kill the adder!
You feel sick.
You are no longer poisoned.
Your quokka closely misses the hobgoblin.
Your crimson imp blinks!
The hobgoblin closely misses you.
You hit the hobgoblin but do no damage.
You peck the hobgoblin, but do no damage.
The hobgoblin is moderately wounded.
Your quokka barely misses the hobgoblin.
Your rat bites the hobgoblin.
The hobgoblin hits you.
Your quokka completely misses the hobgoblin.
You hit the hobgoblin.
The hobgoblin is heavily wounded.
A ball python comes into view.
Your quokka bites the hobgoblin but does no damage.
The hobgoblin hits you.
* * * LOW HITPOINT WARNING * * *
The hobgoblin hits you but does no damage.
You hit the hobgoblin. Your kick misses the hobgoblin.
The hobgoblin is almost dead.
Your quokka bites the hobgoblin but does no damage.
Your rat bites the hobgoblin.
The hobgoblin closely misses you. The hobgoblin hits you.
You die...

#...... #.....
#....# #....#
#....#
#....#####
#.........
######.@.....S.
#<.....ggr.....
#######.r......
#........
##.......
....... .......
......#


You could see 2 hobgoblins, a ball python, a friendly quokka (summoned) and a
friendly rat (summoned).

Vanquished Creatures
  An adder (D:2)
  A hobgoblin (D:1)
  2 ball pythons (D:1)
  2 bats (D:1)
  2 frilled lizards (D:1)
  A goblin (D:1)
  3 kobolds (D:1)
12 creatures vanquished.

Vanquished Creatures (collateral kills)
  A bat (D:1)
  An endoplasm (D:1)
  2 goblins
  3 hobgoblins (D:1)
  4 jackals (D:1)
  2 ball pythons (D:1)
13 creatures vanquished.

Vanquished Creatures (others)
  A fungus (D:1)
1 creature vanquished.

Grand Total: 26 creatures vanquished

Notes
Turn   | Place    | Note
-------+----------+-------------------------------------------
     0 | D:1      | lmSkywalker the Tengu Summoner began the quest for the Orb.
     0 | D:1      | Reached XP level 1. HP: 10/10 MP: 4/4
   282 | D:1      | You fall into a shaft and drop 1 floor!
   301 | D:2      | Reached skill level 5 in Summonings
   396 | D:1      | Reached XP level 2. HP: 15/15 MP: 3/6
   673 | D:1      | Found a faded altar of an unknown god.
   729 | D:1      | Learned a level 2 spell: Call Imp
  1184 | D:1      | Reached XP level 3. HP: 19/19 MP: 2/7
  1557 | D:2      | Slain by a hobgoblin

Illustrated notes

Levels and vault maps discovered:
D:1:      dpeg_arrival_arbitrary_b, layout_basic,
          shapermc_ecumenical_altar_acropolis, st_stairs_14,
          dreamdust_princess_bridge
D:2:      minmay_chambers_of_twos, layout_basic, serial_shops,
          nicolae_shop_statue_plus, basic_altar

Skill      XL: |  1 |
---------------+----+-----
Summonings     | 5 |  5.5
Dodging        | |  2.1
Stealth        | |  2.0
Spellcasting   | |  2.8

Action                   || total
-------------------------++-------
Melee: Unarmed           ||     6
       Short sword       ||    30
       Kick              ||    10
       Peck              ||     5
 Cast: Summon Small Mamm ||    41
       Call Imp          ||     4
Armor: Robe              ||     5
Dodge: Dodged            ||    36
